 Dungeon Crawl Stone Soup version 0.19-a0-1834-g6b7851e (webtiles) character file.

756 graki42 the Slasher (level 7, -1/61 HPs)
             Began as a Minotaur Fighter on Oct 9, 2016.
             Was a Follower of the Shining One.
             Slain by removeelyvilon's ghost (7 damage)
             ... on level 5 of the Dungeon.
             The game lasted 00:10:44 (2856 turns).

graki42 the Slasher (Minotaur Fighter)              Turns: 2856, Time: 00:10:45

Health: -1/61      AC:  8    Str: 16    XL:     7   Next: 50%
Magic:  6/6        EV:  8    Int:  5    God:    the Shining One [*.....]
Gold:   169        SH: 10    Dex: 11    Spells: 0 memorised, 6 levels left

rFire  + . .     SeeInvis .     a - +0 long sword
rCold  . . .     Gourm    .     b - +0 scale mail
rNeg   . . .     Faith    .     c - +1 shield
rPois  .         Spirit   .     (helmet restricted)
rElec  +         Dismiss  .     o - +0 cloak
rCorr  .         Reflect  .     (no gloves)
MR     .....     Harm     .     (no boots)
Stlth  ..........               (no amulet)
                                (no ring)
                                u - ring "Jiby" {*Drain +Fly rElec rF+ Str-5}

@: glowing, drained
A: retaliatory headbutt, horns 2
a: Renounce Religion, Evoke Flight


You were on level 5 of the Dungeon.
You worshipped the Shining One.
The Shining One was aware of your devotion.
You were not hungry.

You visited 1 branch of the dungeon, and saw 5 of its levels.
You also visited: Sewer.

You collected 169 gold pieces.

Inventory:

Hand Weapons
 a - a +0 long sword (weapon)
Armour
 b - a +0 scale mail (worn)
 c - a +1 shield (worn)
 o - a +0 cloak (worn)
Jewellery
 u - the ring "Jiby" (left hand) {*Drain +Fly rElec rF+ Str-5}
   (You found it on level 4 of the Dungeon)

   [ring of protection from fire]

   It affects your strength (-5).
   It protects you from fire.
   It insulates you from electricity.
   It lets you fly.
   It causes draining when unequipped.
Wands
 x - a wand of iceblast (9/15)
 A - a wand of random effects (24/48)
Scrolls
 e - a scroll of remove curse
 h - 2 scrolls of identify
 i - 2 scrolls of amnesia
 k - 2 scrolls of teleportation
 q - a scroll of enchant armour
 y - a scroll of recharging {unknown}
Potions
 d - 3 potions of might
 g - 5 potions of agility
 m - 10 potions of curing {unknown}
 p - 2 potions of invisibility {unknown}
 r - 4 potions of heal wounds {unknown}
 s - 5 potions of brilliance {unknown}
 t - 2 potions of degeneration {unknown}
 w - a potion of flight {unknown}
Comestibles
 f - 4 bread rations
 j - a slice of pizza
 l - a meat ration
 n - a beef jerky
 v - 2 fruits
 z - a chunk of flesh


   Skills:
 + Level 5.1(4.6) Fighting
 + Level 6.9(6.4) Long Blades
 + Level 5.0(4.5) Armour
 + Level 2.0(1.5) Dodging
 + Level 0.6(0.2) Stealth
 + Level 5.9(5.5) Shields
 + Level 0.1(0.0) Evocations


You had 6 spell levels left.
You didn't know any spells.

Dungeon Overview and Level Annotations

Branches:
Dungeon (5/15)             Temple (0/1) D:4

Altars:
Gozag
Kikubaaqudgha
Okawaru
The Shining One

Shops:
D:5 [

Annotations:
D:5 removeelyvilon's ghost, novice DrTm


Innate Abilities, Weirdness & Mutations

You reflexively headbutt those who attack you in melee.
You have a pair of horns on your head.


Message History

You headbutt removeelyvilon's ghost, but do no damage.
Removeelyvilon's ghost is lightly damaged.
You block removeelyvilon's ghost's attack.
Your shield and scale mail prevent you from hitting removeelyvilon's ghost.
Removeelyvilon's ghost is lightly damaged.
Removeelyvilon's ghost whispers, "There is no future for you."
You block removeelyvilon's ghost's attack.
You hit removeelyvilon's ghost.
Removeelyvilon's ghost is moderately damaged.
You block removeelyvilon's ghost's attack.
You hit removeelyvilon's ghost but do no damage.
Your headbutt misses removeelyvilon's ghost.
Removeelyvilon's ghost is moderately damaged.
Removeelyvilon's ghost breathes negative energy at you.
The bolt of negative energy hits you!
You feel drained.
* * * LOW HITPOINT WARNING * * *
You slash removeelyvilon's ghost!
Removeelyvilon's ghost is heavily damaged.
Removeelyvilon's ghost hits you!
You die...

*,*********,**#####...........##
*,**,,,,,>,,,,..................
*,****,**+*,***#................
*,,,,,,,########...........##...
*****,,,#≈≈§≈≈##................
*,,,#≈≈.≈≈#.................
*,,,+..∩..)................#
**,,,#≈≈.≈§#...........##....
*,,,,#≈≈≈§≈#@##........##.^..
*,,,,#######W##........####..
***,,,,#.......##..........####
*,,,,,,#O...##.#########...#...
*,,,,,,....,*#.#****####...#...
*,,,**,.[.,,+...,,,............
*,****,#.,,,*#.#*,,......###...
*,****,.,,,,,...,<.......# #+##
*,,,,*,,,****...,,......##*****


You could see removeelyvilon's ghost.

Vanquished Creatures
  A phantom (D:5)
  2 ogres
  A big kobold (Sewer)
  A scorpion (D:4)
  A hound (D:5)
  An orc priest (D:3)
  2 orc wizards (D:4)
  Crazy Yiuf (D:2)
  An iguana (D:4)
  A hound skeleton (D:4)
  4 gnolls (D:3)
  2 adders
  3 oozes
  An adder skeleton (D:5)
  3 worms (D:2)
  3 dart slugs
  7 leopard geckos
  8 orcs
  2 ball pythons (Sewer)
  8 giant cockroaches
  4 goblins
  6 hobgoblins
  3 jackals (D:3)
  A ball python skeleton (D:5)
  5 bats
  7 frilled lizards
  A jackal skeleton (D:4)
  18 kobolds
  12 rats
110 creatures vanquished.

Notes
Turn   | Place    | Note
-------+----------+-------------------------------------------
     0 | D:1      | graki42 the Minotaur Fighter began the quest for the Orb.
     0 | D:1      | Reached XP level 1. HP: 19/19 MP: 0/0
   221 | D:1      | Reached XP level 2. HP: 26/27 MP: 1/1
   613 | D:2      | Reached XP level 3. HP: 31/33 MP: 2/2
   850 | D:2      | Found a runed door.
   854 | D:2      | Noticed Crazy Yiuf
   861 | D:2      | Killed Crazy Yiuf
   861 | D:2      | Reached skill level 3 in Long Blades
   861 | D:2      | Reached XP level 4. HP: 25/40 MP: 0/3
   989 | D:2      | Found a glowing golden altar of the Shining One.
   997 | D:2      | Became a worshipper of the Shining One
  1107 | D:3      | Found an iron altar of Okawaru.
  1213 | D:3      | Reached skill level 4 in Long Blades
  1213 | D:3      | Reached XP level 5. HP: 38/47 MP: 4/4
  1621 | D:4      | Got a sparkling glass ring
  1622 | D:4      | Identified the ring "Jiby" {*Drain +Fly rElec rF+ Str-5} (You found it on level 4 of the Dungeon)
  1758 | D:4      | Found an ancient bone altar of Kikubaaqudgha.
  1820 | D:4      | Noticed an ogre
  1824 | D:4      | Reached skill level 1 in Dodging
  1824 | D:4      | Reached skill level 5 in Shields
  1839 | D:4      | Reached skill level 5 in Long Blades
  1841 | D:4      | Killed an ogre
  1841 | D:4      | Reached XP level 6. HP: 23/53 MP: 5/5
  2133 | D:4      | Found a staircase to the Ecumenical Temple.
  2415 | D:5      | Entered Level 5 of the Dungeon
  2426 | D:5      | Reached * piety under the Shining One
  2448 | D:5      | Found a glowing drain.
  2452 | Sewer    | Entered a sewer
  2535 | Sewer    | Reached skill level 6 in Long Blades
  2552 | Sewer    | Reached XP level 7. HP: 48/60 MP: 6/6
  2756 | D:5      | Reached skill level 5 in Fighting
  2783 | D:5      | Found an opulent altar of Gozag.
  2834 | D:5      | Found Jaxer's Antique Armour Shoppe.
  2844 | D:5      | Reached skill level 5 in Armour
  2845 | D:5      | Noticed removeelyvilon's ghost (novice DrTm)
  2856 | D:5      | Slain by removeelyvilon's ghost

Vault maps used:
D:1:      arrival_zaba_pyramid, minmay_door_square
D:2:      tso_altar, uniq_crazy_yiuf_cottage
D:3:      first_bread, okawaru_metal_pillars_1_2
D:4:      kennysheep_big_flooded_room, lemuel_coloured_pillars_altar,
          minmay_misc_feat_nine_boxes
D:5:      lemuel_crystal_altar, gup_sewer_entry_bowl, serial_corexii_hall,
          corexii_hall_statues_i, corexii_hall_statues_u, serial_shops,
          kennysheep_little_box, hangedman_decor_clover_reticule,
          kennysheep_nondescript
Sewer:    kennysheep_pipe_town

Skill      XL: |  1  2  3  4  5  6  7 |
---------------+----------------------+-----
Fighting       | 4 5 |  5.1
Shields        | 4 5 |  5.9
Armour         | 4 5 |  5.0
Long Blades    | 3 4 5 6 |  6.9
Dodging        | 1 2 |  2.0
Stealth        | |  0.6
Evocations     | |  0.1

Action                   |  1- 3 |  4- 6 |  7- 9 || total
-------------------------+-------+-------+-------++-------
Melee: Long sword        |    79 |   147 |    47 ||   273
       Headbutt          |    12 |    22 |     8 ||    42
 Abil: Evoke Flight      |       |     1 |       ||     1
  Use: Scroll            |       |     8 |       ||     8
  Eat: Chunk             |       |     6 |     1 ||     7
Armor: Scale mail        |    22 |    52 |    18 ||    92
Dodge: Dodged            |    18 |    47 |    14 ||    79
Block: Shield            |    31 |    74 |    24 ||   129
       Rpst.: Long sword |     5 |    10 |     3 ||    18
